 Dungeon Crawl Stone Soup version 0.21.1-1-g345015fe64 (webtiles) character file.

158 BrokenGlass the Ruffian (level 5, -2/36 HPs)
             Began as an Octopode Fighter on Feb 17, 2018.
             Killed from afar by an orc wizard (10 damage)
             ... with a magic dart
             ... on level 3 of the Dungeon.
             The game lasted 00:01:31 (1702 turns).

BrokenGlass the Ruffian (Octopode Fighter)          Turns: 1702, Time: 00:01:32

Health: -2/36      AC:  1    Str: 16    XL:     5   Next: 39%
Magic:  5/5        EV: 14    Int: 11    God:
Gold:   125        SH:  0    Dex: 11    Spells: 4/4 levels left

rFire    . . .     SeeInvis .     - Unarmed
rCold    . . .     Gourm    .   (no shield)
rNeg     . . .     Faith    .   (helmet restricted)
rPois    .         Spirit   .   (no amulet)
rElec    .         Reflect  .   (no ring)
rCorr    .         Harm     .   (no ring)
MR       .....                  (no ring)
Stlth    ++........             (no ring)
HPRegen  0.12/turn              (no ring)
MPRegen  0.09/turn              (no ring)
                                (no ring)
                                (no ring)

@: no status effects
A: almost no armour, stealthy swim, amphibious, 8 rings, constrict 8, camouflage
1, gelatinous body 1
a: no special abilities


You were on level 3 of the Dungeon.
You were hungry.

You visited 1 branch of the dungeon, and saw 3 of its levels.

You collected 125 gold pieces.

Inventory:

Armour
 a - a +0 shield
Scrolls
 d - 5 scrolls of identify {unknown}
 f - 2 scrolls of immolation {unknown}
 h - 2 scrolls of enchant weapon {unknown}
 i - a scroll of random uselessness {unknown}
 l - 3 scrolls of blinking {unknown}
Potions
 b - 2 potions of might
 e - 2 potions of heal wounds {unknown}
 g - 2 potions of curing {unknown}
 j - a potion of haste {unknown}
 k - a potion of brilliance {unknown}
 m - a potion of lignification {unknown}
 n - a potion of flight {unknown}
Comestibles
 c - 5 rations
 o - a chunk of flesh


   Skills:
 - Level 3.0 Fighting
 - Level 3.0 Dodging
 - Level 3.0 Shields
 + Level 5.4 Unarmed Combat


You had 4 spell levels left.
You didn't know any spells.

Dungeon Overview and Level Annotations

Branches:
Dungeon (3/15)

Altars:


Innate Abilities, Weirdness & Mutations

You cannot wear most types of armour.
You are very stealthy in the water. (Stealth+)
You are amphibious.
You can wear up to eight rings at the same time.
You can use your tentacles to constrict eight enemies at once.
Your skin changes colour to match your surroundings (Stealth+).
Your rubbery body absorbs attacks. (AC +1, EV +1)


Message History

Your squeeze misses something.
You bump into the rock wall.
You hear some strange, mumbled words.
A puff of flame appears from out of thin air!
The puff of flame hits you!
You miss something. Something barely misses you.
You bump into the rock wall.
You hear some strange, mumbled words.
A magic dart appears from out of thin air!
The magic dart hits you!
You miss something.
You feel less confused. Something hits you but does no damage.
You closely miss something. Something hits you.
* * * LOW HITPOINT WARNING * * *
You tentacle-slap something.
You hear some strange, mumbled words.
A magic dart appears from out of thin air!
The magic dart hits you!
You die...

##########.#.# #
#########.....@{o...#
#
#.........#########.#
###.#######......#
....# #......# ###.#
#......# ###.#
#........ .##.#
#........ #.#.# #
#.....###
##..#.##..#.#.###


You could see an orc.

Vanquished Creatures
  Natasha (thrice) (D:2)
  2 adders (D:2)
  An ooze (D:2)
  A leopard gecko (D:1)
  9 orcs
  A ball python (D:2)
  5 bats
  4 giant cockroaches
  6 goblins
  8 hobgoblins
  A frilled lizard (D:1)
  5 kobolds
  6 rats
52 creatures vanquished.

Notes
Turn   | Place    | Note
-------+----------+-------------------------------------------
     0 | D:1      | BrokenGlass the Octopode Fighter began the quest for the Orb.
     0 | D:1      | Reached XP level 1. HP: 16/16 MP: 1/1
   138 | D:1      | Reached XP level 2. HP: 20/21 MP: 2/2
   277 | D:1      | Reached skill level 3 in Unarmed Combat
   670 | D:2      | Reached XP level 3. HP: 22/26 MP: 3/3
   824 | D:2      | Reached skill level 4 in Unarmed Combat
  1002 | D:2      | Reached XP level 4. HP: 31/31 MP: 4/4
  1037 | D:2      | Noticed Natasha
  1044 | D:2      | Killed Natasha
  1062 | D:2      | Noticed Natasha
  1088 | D:2      | Killed Natasha
  1088 | D:2      | Reached skill level 5 in Unarmed Combat
  1088 | D:2      | Reached XP level 5. HP: 10/36 MP: 5/5
  1251 | D:2      | Noticed Natasha
  1254 | D:2      | Killed Natasha
  1702 | D:3      | Killed from afar by an orc wizard

Skill      XL: |  1  2  3  4 |
---------------+-------------+-----
Unarmed Combat | 3 4 5 |  5.4
Fighting       | |  3.0
Dodging        | |  3.0
Shields        | |  3.0

Action                   |  1- 3 |  4- 6 || total
-------------------------+-------+-------++-------
Melee: Unarmed           |    84 |    41 ||   125
       Constrict         |    27 |    13 ||    40
       Tentacles         |    14 |     6 ||    20
       Punch             |     3 |     1 ||     4
 Stab: Sleeping          |     4 |     1 ||     5
  Eat: Chunk             |       |     2 ||     2
Armor: Skin              |     5 |     3 ||     8
Dodge: Dodged            |    56 |    20 ||    76
